Selects Airborne Battlegroup
Selects Heavy Machine Gun Paradrop
Heavy Machine Gun Paradrop
Heavy Machine Gun Paradrop
Selects Paratrooper Squad Paradrop
Construct Weapon Support Center
M3 Armored Personnel Carrier
M3 Armored Personnel Carrier
Paratrooper Squad Paradrop
Construct Medical Station
Selects Anti-tank Gun Team Paradrop
M3 Armored Personnel Carrier
Paratrooper Squad Paradrop
Selects Paradrop Reinforcements
Paratrooper Squad Paradrop
Selects Carpet Bombing Run